 Dungeon Crawl Stone Soup version 0.26-a0-53-g45f243fec8 (webtiles) character file.

Game seed: 99565420475150173

243 MarredHen the Stinger (level 6, -6/44 HPs)
             Began as a Gnoll Venom Mage on June 7, 2020.
             Was a Plaything of Xom.
             Blown up by Ijyb (21 damage)
             ... with a disintegration bolt
             ... on level 3 of the Dungeon.
             The game lasted 00:06:38 (3592 turns).

MarredHen the Stinger (Gnoll Venom Mage)            Turns: 3592, Time: 00:06:39

Health: -6/44      AC:  5    Str: 11    XL:     6   Next: 9%
Magic:  5/13       EV: 14    Int: 18    God:    Xom [..*...]
Gold:   108        SH:  0    Dex: 16    Spells: 12/15 levels left

rFire    . . .     SeeInvis .   d - +0 dagger
rCold    . . .     Gourm    .   (no shield)
rNeg     . . .     Faith    .   e - +1 leather armour
rPois    .         Spirit   .   (no helmet)
rElec    .         Reflect  .   m - +0 cloak
rCorr    .         Harm     .   (no gloves)
MR       .....                  (no boots)
Stlth    +++.......             h - amulet of regeneration
HPRegen  0.54/turn              (no ring)
MPRegen  0.13/turn              (no ring)

@: no status effects
A: distributed training, fangs 1, strong nose
a: Renounce Religion


You were on level 3 of the Dungeon.
You worshipped Xom.
You were a toy of Xom.
You were not hungry.

You visited 1 branch of the dungeon, and saw 3 of its levels.

You collected 108 gold pieces.

Inventory:

Hand Weapons
 d - a +0 dagger (weapon)
 g - a cursed +0 hunting sling
Armour
 a - a +0 robe
 e - a +1 leather armour (worn)
 m - a +0 cloak (worn)
Jewellery
 h - an amulet of regeneration (around neck)
Scrolls
 b - 2 scrolls of enchant armour
 f - 2 scrolls of fear {unknown}
 l - 5 scrolls of identify
 n - a scroll of teleportation
 p - 2 scrolls of remove curse
Potions
 i - a potion of ambrosia {unknown}
 j - a potion of lignification {unknown}
 k - a potion of flight {unknown}
 o - a potion of curing
 q - a potion of haste {unknown}
Comestibles
 c - 3 rations


   Skills:
 + Level 1.7 Fighting
 + Level 1.7 Short Blades
 + Level 1.7 Long Blades
 + Level 1.7 Axes
 + Level 1.7 Maces & Flails
 + Level 1.7 Polearms
 + Level 1.7 Staves
 + Level 1.7 Slings
 + Level 1.7 Bows
 + Level 1.7 Crossbows
 + Level 1.7 Throwing
 + Level 1.7 Armour
 + Level 4.9 Dodging
 + Level 4.5 Stealth
 + Level 1.7 Shields
 + Level 1.7 Unarmed Combat
 + Level 5.3 Spellcasting
 + Level 1.3 Conjurations
 + Level 1.3 Hexes
 + Level 1.3 Charms
 + Level 1.3 Summonings
 + Level 1.3 Necromancy
 + Level 1.3 Translocations
 + Level 2.5 Transmutations
 + Level 1.3 Fire Magic
 + Level 1.3 Ice Magic
 + Level 1.3 Air Magic
 + Level 1.3 Earth Magic
 + Level 5.6 Poison Magic
 + Level 2.0 Invocations
 + Level 1.7 Evocations


You had 12 spell levels left.
You knew the following spells:

 Your Spells              Type           Power        Failure   Level  Hunger
a - Sting                 Tmut/Pois      ###.         3%          1    None
b - Poisonous Vapours     Pois/Air       ###...       6%          2    #......

Your spell library contained the following spells:

 Spells                   Type           Power        Failure   Level  Hunger
 Ignite Poison            Fire/Tmut/Pois ###.....     14%         3    ##.....
 Mephitic Cloud           Conj/Pois/Air  ##......     16%         3    ##.....
 Olgreb's Toxic Radiance  Pois           ####....     17%         4    ####...


Dungeon Overview and Level Annotations

Branches:
Dungeon (3/15)

Altars:
Xom

Annotations:
D:3 Ijyb


Innate Abilities, Weirdness & Mutations

Your experience applies equally to all skills.
You have very sharp teeth.
Your uncanny sense of smell can sniff out nearby items.


Message History

Press: ? - help, Dir - move target cursor, f/p - centaur
Aim: a centaur, quivering 19 arrows (almost dead, extremely poisoned) Poisonous vapours surround the centaur!
You kill the centaur!
Your Invocations skill increases to level 2!
You have reached level 6!
Your experience leads to an increase in your attributes!
Increase (S)trength, (I)ntelligence, or (D)exterity?
You feel stronger.
You completely miss Ijyb. Your bite misses Ijyb.
Ijyb is lightly wounded.
Ijyb zaps a wand.
You are blasted!
You barely miss Ijyb.
Ijyb is lightly wounded.
Ijyb closely misses you.
You hit Ijyb but do no damage.
Ijyb is lightly wounded.
Ijyb zaps a wand.
You are blasted!
You die...
Xom thinks this is hilarious!

#.# #.# #.# #.# #.# #)#
#g# ######@#####..
##### ##............#
#...#####..>#.bb..#####
#...........##...##
##...#####...###.##
......# ##### #.#
###.#.# #.# # #.#.##
#+# # #....## ##...##


You could see Ijyb.

Vanquished Creatures
  A centaur (D:3)
  An iguana (D:3)
  5 adders (D:2)
  2 oozes
  2 worms
  2 dart slugs
  A leopard gecko (D:1)
  An orc (D:3)
  2 ball pythons (D:1)
  11 bats
  9 giant cockroaches
  7 goblins
  10 hobgoblins
  4 jackals (D:3)
  3 kobolds
  2 quokkas (D:3)
  5 frilled lizards
  10 rats
78 creatures vanquished.

Notes
Turn   | Place    | Note
-------+----------+-------------------------------------------
     0 | D:1      | MarredHen the Gnoll Venom Mage began the quest for the Orb.
     0 | D:1      | Reached XP level 1. HP: 13/13 MP: 6/6
    82 | D:1      | Reached XP level 2. HP: 13/19 MP: 2/7
   602 | D:1      | Reached XP level 3. HP: 25/25 MP: 5/9
   693 | D:1      | Reached skill level 5 in Spellcasting
  1116 | D:1      | Reached skill level 1 in Invocations
  1430 | D:2      | Reached skill level 1 in Fighting
  1430 | D:2      | Reached skill level 1 in Short Blades
  1430 | D:2      | Reached skill level 1 in Long Blades
  1430 | D:2      | Reached skill level 1 in Axes
  1430 | D:2      | Reached skill level 1 in Maces & Flails
  1430 | D:2      | Reached skill level 1 in Polearms
  1430 | D:2      | Reached skill level 1 in Staves
  1430 | D:2      | Reached skill level 1 in Slings
  1430 | D:2      | Reached skill level 1 in Bows
  1430 | D:2      | Reached skill level 1 in Crossbows
  1430 | D:2      | Reached skill level 1 in Throwing
  1430 | D:2      | Reached skill level 1 in Armour
  1430 | D:2      | Reached skill level 1 in Shields
  1430 | D:2      | Reached skill level 1 in Unarmed Combat
  1430 | D:2      | Reached skill level 1 in Evocations
  1574 | D:2      | Reached XP level 4. HP: 32/32 MP: 7/11
  2171 | D:2      | Reached skill level 1 in Conjurations
  2171 | D:2      | Reached skill level 1 in Hexes
  2171 | D:2      | Reached skill level 1 in Charms
  2171 | D:2      | Reached skill level 1 in Summonings
  2171 | D:2      | Reached skill level 1 in Necromancy
  2171 | D:2      | Reached skill level 1 in Translocations
  2171 | D:2      | Reached skill level 1 in Fire Magic
  2171 | D:2      | Reached skill level 1 in Ice Magic
  2171 | D:2      | Reached skill level 1 in Air Magic
  2171 | D:2      | Reached skill level 1 in Earth Magic
  2277 | D:2      | Found a shimmering altar of Xom.
  2707 | D:2      | Became a worshipper of Xom of Chaos
  2836 | D:2      | XOM: silly message
  2842 | D:2      | XOM: scenery: create altars
  2901 | D:2      | Reached XP level 5. HP: 37/37 MP: 10/12
  2905 | D:2      | Learned a level 2 spell: Poisonous Vapours
  3017 | D:2      | XOM: scenery: create altars
  3285 | D:3      | XOM: noise
  3311 | D:3      | XOM: scenery: 1 doors close
  3315 | D:3      | XOM: 6-stop teleportation journey
  3418 | D:3      | XOM: scenery: create altars
  3492 | D:3      | XOM: scenery: create altars
  3573 | D:3      | Noticed Ijyb
  3574 | D:3      | Noticed a centaur
  3583 | D:3      | XOM: butterfly on damage
  3589 | D:3      | Killed a centaur
  3589 | D:3      | Reached XP level 6. HP: 21/44 MP: 4/13
  3592 | D:3      | Blown up by Ijyb

Illustrated notes

Levels and vault maps discovered:
D:1:      saegor_arrival_simple_b, layout_basic, kennysheep_pointless_box,
          st_stairs_8
D:2:      layout_basic, minmay_misc_feat_alley, tgw_xom
D:3:      layout_loops_corners, uniq_ijyb, uniq_jessica

Skill      XL: |  1  2  3  4  5 |
---------------+----------------+-----
Transmutations | 2 |  2.5
Spellcasting   | 5 |  5.3
Invocations    | 1 2 |  2.0
Fighting       | 1 |  1.7
Short Blades   | 1 |  1.7
Long Blades    | 1 |  1.7
Axes           | 1 |  1.7
Maces & Flails | 1 |  1.7
Polearms       | 1 |  1.7
Staves         | 1 |  1.7
Slings         | 1 |  1.7
Bows           | 1 |  1.7
Crossbows      | 1 |  1.7
Throwing       | 1 |  1.7
Armour         | 1 |  1.7
Shields        | 1 |  1.7
Unarmed Combat | 1 |  1.7
Evocations     | 1 |  1.7
Conjurations   | 1 |  1.3
Hexes          | 1 |  1.3
Charms         | 1 |  1.3
Summonings     | 1 |  1.3
Necromancy     | 1 |  1.3
Translocations | 1 |  1.3
Fire Magic     | 1 |  1.3
Ice Magic      | 1 |  1.3
Air Magic      | 1 |  1.3
Earth Magic    | 1 |  1.3
Dodging        | |  4.9
Stealth        | |  4.5
Poison Magic   | |  5.6

Action                   |  1- 3 |  4- 6 || total
-------------------------+-------+-------++-------
Melee: Unarmed           |     3 |       ||     3
       Dagger            |    22 |    46 ||    68
       Bite              |     1 |     4 ||     5
       Punch             |       |     1 ||     1
 Cast: Sting             |    59 |    47 ||   106
       Poisonous Vapours |       |    27 ||    27
  Use: Scroll            |     6 |       ||     6
       Potion            |       |     1 ||     1
  Eat: Chunk             |     2 |       ||     2
       Ration            |       |     2 ||     2
Armor: Leather armour    |     7 |    14 ||    21
Dodge: Dodged            |    31 |    62 ||    93

Table legend:
 A = Non-vault XP
 B = Vault XP
 C = Vault XP percentage of total XP
 D = Non-vault monster count
 E = Vault monster count
 F = Vault count percentage of total count
                 A         B        C        D         E       F
            +---------+---------+-------+---------+---------+-------
      Total |     328 |      20 |   5.7 |      69 |       9 |  11.5
            +---------+---------+-------+---------+---------+-------
        D:1 |      55 |       5 |   8.3 |      32 |       2 |   5.9
        D:2 |      96 |      15 |  13.5 |      19 |       7 |  26.9
        D:3 |     177 |       0 |   0.0 |      18 |       0 |   0.0
            +---------+---------+-------+---------+---------+-------
